AoeStats
← CrazyBen

Socotra

505862974Analyzed
4v4 RM · 21d ago on Sep 11, 2026· 14m 49s· 8 players
Game mode
Random Map
Map size
148×148
Population
200
Speed
Normal
Resources
Standard
Victory
Conquest
Starting age
Dark Age
Ending age
Imperial Age
RankedLock teamsTeams togetherTeam positionsShared explorationLock speedFull tech treeHidden civsTurbo modeCheats
Victory
Defeat
🇩🇪 Khmer · Germany
1570
+12
🇪🇸 Maya · Spain
1465
+16
🇫🇷 Goths · France
1451
+17
🇩🇪 Mongols · Germany
1380
+20
🇭🇰 Sicilians · Hong Kong SAR China
1586
-21
🇨🇳 Mongols · China
1565
-20
🇦🇺 Britons · Australia
1368
-12
🇲🇽 Aztecs · Mexico
1363
-12
Melquiades3959
0:25 Loom
11:27 Feudal Age
12:09 Double-Bit Axe
Basti8712
9:48 Feudal Age
12:47 Bloodlines
13:27 Horse Collar
Blade_PEC
CrazyBen
0:43 Loom
Moctezama
7:05 Loom
10:10 Feudal Age
10:15 Man-at-Arms
11:19 Arson
Matt Cash
2:19 Loom
昙花生
0:50 Loom
LiBi
Connection lost

Rejoining the realm…

Still unreachable

The connection could not be restored.

Session expired

The server has moved on; the page needs a fresh start.